AoeStats
← Cabra da Peste

Arena

510020358Analyzed
4v4 RM · 4d ago on Sep 29, 2026· 39m 54s· 8 players
Game mode
Random Map
Map size
Large (8 player)
Population
200
Speed
Normal
Resources
Standard
Victory
Conquest
Starting age
Dark Age
Ending age
Imperial Age
RankedLock teamsTeams togetherTeam positionsShared explorationLock speedFull tech treeHidden civsTurbo modeCheats
Victory
Defeat
🇧🇷 Magyars · Brazil
1286
+11
🇧🇷 Teutons · Brazil
1281
+11
🇧🇷 Wei · Brazil
1186
+15
🇧🇷 Spanish · Brazil
1067
+21
🇦🇷 Burgundians · Argentina
1183
-15
🇦🇷 Slavs · Argentina
1180
-15
🇧🇷 Mongols · Brazil
1168
-14
🇮🇹 Goths · Italy
1158
-14
MLT | Bombad Gastald
11:04 Feudal Age
14:49 Castle Age
13:01 Double-Bit Axe
13:00 Horse Collar
15:50 Bow Saw
20:56 Man-at-Arms
21:53 Long Swordsman
23:53 Squires
24:28 Scale Mail Armor
26:21 Gold Mining
27:06 Pikeman
29:22 Forging
Aragorn
9:51 Feudal Age
13:46 Castle Age
13:35 Double-Bit Axe
13:32 Horse Collar
13:53 Loom
20:57 Wheelbarrow
24:38 Gold Mining
25:04 Bow Saw
24:56 Heavy Plow
25:01 Stone Mining
26:21 Hand Cart
25:52 Town Watch
29:10 Imperial Age
26:30 Town Watch
28:14 Gold Shaft Mining
28:15 Stone Shaft Mining
28:18 Town Patrol
28:53 Ballistics
29:31 Thumb Ring
29:21 Fletching
29:31 Padded Archer Armor
30:07 Bodkin Arrow
31:28 Chemistry
31:00 Parthian Tactics
31:03 Conscription
30:31 Elite Mangudai
31:46 Drill
32:23 Leather Archer Armor
32:09 Bracer
32:16 Capped Ram
33:35 Siege Ram
34:48 Masonry
34:33 Murder Holes
34:44 Siege Engineers
34:47 Scale Barding Armor
37:40 Chain Barding Armor
38:01 Nomads
37:32 Sappers
38:37 Hoardings
40:12 Fortified Wall
Elbetoben181430
6:25 Double-Bit Axe
8:55 Loom
9:16 Horse Collar
11:09 Feudal Age
10:36 Gold Mining
15:57 Castle Age
14:44 Bow Saw
15:47 Gold Shaft Mining
15:19 Heavy Plow
16:27 Wheelbarrow
18:28 Two-Man Saw
17:10 Cavalier
18:48 Husbandry
18:50 Town Watch
20:16 Hand Cart
21:36 Scale Barding Armor
24:13 Fletching
25:05 Padded Archer Armor
25:28 Elite Skirmisher
28:19 Bodkin Arrow
30:54 Leather Archer Armor
34:56 Stone Mining
35:25 Pikeman
36:05 Squires
ta mal ito
10:05 Feudal Age
11:51 Loom
11:59 Double-Bit Axe
14:47 Castle Age
15:38 Town Watch
18:06 Bow Saw
20:23 Horse Collar
22:04 Heavy Plow
24:39 Masonry
25:58 Wheelbarrow
28:48 Imperial Age
27:26 Hand Cart
28:10 Gold Mining
28:42 Town Patrol
29:24 Scale Barding Armor
30:25 Chain Barding Armor
31:13 Conscription
31:53 Murder Holes
33:00 Plate Barding Armor
32:40 Forging
nborgesfilho
10:11 Feudal Age
14:21 Castle Age
12:32 Double-Bit Axe
12:49 Horse Collar
17:00 Loom
29:30 Wheelbarrow
33:28 Imperial Age
31:24 Heavy Plow
31:40 Hand Cart
31:57 Fletching
33:06 Corvinian Army
33:19 Bodkin Arrow
34:24 Bracer
34:33 Heavy Cavalry Archer
35:39 Parthian Tactics
35:26 Thumb Ring
36:50 Crop Rotation
36:37 Bow Saw
37:52 Bracer
39:12 Padded Archer Armor
39:18 Scale Barding Armor
40:25 Two-Man Saw
39:24 Town Watch
40:10 Leather Archer Armor
Cabra da Peste
9:56 Feudal Age
11:01 Loom
11:21 Loom
14:28 Castle Age
12:28 Stone Mining
13:22 Double-Bit Axe
18:15 Horse Collar
21:30 Gold Mining
24:20 Bow Saw
32:32 Imperial Age
30:45 Heavy Plow
30:58 Husbandry
35:05 Cavalier
35:57 Bloodlines
35:56 Scale Barding Armor
36:02 Forging
37:25 Conscription
39:17 Two-Man Saw
38:41 Light Cavalry
40:28 Wheelbarrow
GaloDoido
6:55 Loom
11:02 Feudal Age
15:17 Castle Age
13:12 Double-Bit Axe
14:16 Horse Collar
20:49 Bow Saw
21:29 Gold Mining
24:39 Gold Shaft Mining
25:20 Forging
26:02 Scale Barding Armor
27:56 Iron Casting
27:44 Bloodlines
27:34 Husbandry
28:56 Chain Barding Armor
30:14 Squires
29:34 Pikeman
31:26 Wheelbarrow
30:37 Town Watch
31:25 Scale Mail Armor
34:51 Imperial Age
32:28 Heavy Plow
34:35 Chain Mail Armor
34:26 Light Cavalry
36:56 Blast Furnace
35:20 Hussar
36:23 Conscription
36:05 Tuntian
36:31 Ming Guang Armor
36:13 Halberdier
40:30 Ballistics
41:11 Chemistry
39:52 Treadmill Crane
dionathanbh
10:05 Feudal Age
14:38 Castle Age
13:03 Double-Bit Axe
13:23 Horse Collar
16:21 Bow Saw
22:07 Wheelbarrow
22:27 Gold Mining
25:41 Heavy Plow
26:00 Hand Cart
30:16 Imperial Age
28:39 Bloodlines
28:45 Forging
28:41 Scale Barding Armor
31:10 Chain Barding Armor
31:26 Iron Casting
30:18 Cavalier
31:53 Paladin
37:46 Blast Furnace
37:21 Plate Barding Armor
Connection lost

Rejoining the realm…

Still unreachable

The connection could not be restored.

Session expired

The server has moved on; the page needs a fresh start.